 Dungeon Crawl Stone Soup version 0.17.0-28-g6e173f8 (webtiles) character file.

1428 sugabear the Shield-Bearer (level 8, -8/49 HPs)
             Began as a Gargoyle Fighter on Nov 27, 2015.
             Was a Follower of Kikubaaqudgha.
             Killed by nerve-wracking pain
             ... invoked by Menkaure
              (13 damage)
             ... on level 5 of the Dungeon.
             The game lasted 00:09:57 (5019 turns).

sugabear the Shield-Bearer (Gargoyle Fighter)       Turns: 5019, Time: 00:09:57

Health: -8/49      AC: 19    Str: 21    XL:     8   Next: 72%
Magic:  10/10      EV:  9    Int: 10    God:    Kikubaaqudgha [*.....]
Gold:   255        SH: 10    Dex:  9    Spells: 0 memorised, 12 levels left

rFire  . . .     SeeInvis .     C - +2 trident (protect)
rCold  . . .     Clarity  .     b - +0 scale mail
rNeg   + . .     SustAt   .     c - +0 shield
rPois  ∞         Gourm    .     (no helmet)
rElec  +         Spirit   .     E - +2 cloak
rCorr  .         Warding  .     (no gloves)
rMut   .         Stasis   .     (no boots)
MR     .....                    (no amulet)
Stlth  ..........               (no ring)
                                (no ring)

@: not resistant to hostile enchantments, extremely unstealthy
A: yellow scales 1, blurry vision 1, deformed body, low mp 1, negative energy
resistance 1, electricity resistance, unbreathing, petrification resistance, rot
immunity, AC +5
a: Receive Corpses, Renounce Religion


You were on level 5 of the Dungeon.
You worshipped Kikubaaqudgha.
Kikubaaqudgha was aware of your devotion.
You were not hungry.

You visited 2 branches of the dungeon, and saw 7 of its levels.

You collected 255 gold pieces.

Inventory:

Hand Weapons
 a - a +0 war axe
 C - a +2 trident of protection (weapon)
Armour
 b - a +0 scale mail (worn)
 c - a +0 shield (worn)
 E - a +2 cloak (worn)
Jewellery
 m - an uncursed ring of wizardry
 I - an uncursed ring of positive energy {unknown}
Wands
 s - a wand of polymorph (17)
 D - a wand of frost (15)
 G - a wand of frost (22)
Scrolls
 g - a scroll of recharging {unknown}
 j - 7 scrolls of remove curse {unknown}
 q - 5 scrolls of identify {unknown}
 r - a scroll of teleportation {unknown}
 t - a scroll of amnesia {unknown}
 v - 2 scrolls of noise {unknown}
 x - 2 scrolls of blinking {unknown}
 y - a scroll of enchant weapon {unknown}
 B - 2 scrolls of enchant armour {unknown}
 F - a scroll of magic mapping {unknown}
Potions
 f - a potion of brilliance {unknown}
 h - 3 potions of curing {unknown}
 i - a potion of flight {unknown}
 o - 2 potions of lignification {unknown}
 w - a potion of agility {unknown}
 z - 2 potions of berserk rage {unknown}
 A - a potion of invisibility {unknown}
 H - a potion of heal wounds {unknown}
Comestibles
 d - a royal jelly
 e - 3 bread rations
 k - a slice of pizza
 l - 4 fruits
 n - 9 chunks of flesh
 p - 2 beef jerkies
 u - 3 meat rations


   Skills:
 + Level 5.2 Fighting
 + Level 2.9(3.2) Axes
 + Level 2.1(2.8) Polearms
 + Level 4.8 Armour
 + Level 3.6 Dodging
 + Level 0.8 Stealth
 + Level 6.0 Shields
 * Level 2.6 Spellcasting
 * Level 3.0 Necromancy


You had 12 spell levels left.
You didn't know any spells.

Dungeon Overview and Level Annotations

Branches:
Dungeon (6/15)             Temple (1/1) D:4

Altars:
Ashenzari
Cheibriados
Dithmenos
Elyvilon
Fedhas
Kikubaaqudgha
Nemelex Xobeh
Okawaru
Ru
Trog
Xom

Shops:
D:4 (%:(}

Annotations:
D:5 Menkaure


Innate Abilities, Weirdness & Mutations

You are resistant to torment.
Your stone body is resilient (AC +5).
You are immune to poison.
You resist negative energy.
You are resistant to electric shocks.
You can survive without breathing.
You are immune to petrification.
You are immune to rotting.
You are partially covered in yellow scales (AC +2).
Scrolls take you a little longer to read.
Armour fits poorly on your strangely shaped body.
Your magical capacity is low (-10% MP).


Message History

Menkaure hits you. You block Menkaure's attack.
You barely miss Menkaure.
Menkaure is heavily damaged.
Menkaure points at you and mumbles some strange words.
Pain shoots through your body!
* * * LOW HITPOINT WARNING * * *
You are too injured to fight recklessly!
You are too injured to fight recklessly!
You are too injured to fight recklessly!
Unknown command.
You hit Menkaure but do no damage.
Menkaure is heavily damaged.
Menkaure hits you.
* * * LOW HITPOINT WARNING * * *
You completely miss Menkaure.
Menkaure is heavily damaged.
Menkaure casts a spell at you. Pain shoots through your body!
You die...
Kikubaaqudgha rasps: "You have failed me!
Welcome... oblivion!"

######## #..M...#
#.@###.#######.#
#..##......<...##
#..###...###.#..#
#..# #( #.##.#
#..# #....###
#..# .. #.......
#..# ... #<......
#..# .#. #.......
##..# .#.
#....†..


You could see Menkaure.

Vanquished Creatures
  The ghost of momplestiltskin the Chopper, an amateur FoFi of Makhleb (D:4)
  Sigmund (D:5)
  A sky beast (D:4)
  2 ogres
  A centaur (D:5)
  2 scorpions
  A centaur zombie (D:5)
  An orc priest (D:4)
  2 giant frog skeletons (D:4)
  3 orc wizards (D:4)
  A hound (D:4)
  Crazy Yiuf (D:3)
  A giant frog zombie (D:4)
  An iguana (D:4)
  2 worker ants
  3 hound zombies (D:4)
  A hound skeleton (D:4)
  Robin (D:4)
  3 gnolls (D:4)
  6 adders
  2 oozes (D:1)
  An adder skeleton (D:4)
  An adder zombie (D:4)
  A giant gecko (D:3)
  19 orcs
  A ball python (D:2)
  7 bats
  3 giant cockroaches
  17 goblins
  6 hobgoblins
  2 quokkas
  A giant cockroach zombie (D:4)
  A giant gecko zombie (D:4)
  3 giant newts
  5 kobolds
  A quokka zombie (D:4)
  6 rats
112 creatures vanquished.

Notes
Turn   | Place    | Note
--------------------------------------------------------------
     0 | D:1      | sugabear the Gargoyle Fighter began the quest for the Orb.
     0 | D:1      | Reached XP level 1. HP: 14/14 MP: 1/1
   352 | D:1      | Reached XP level 2. HP: 19/19 MP: 2/2
   683 | D:2      | Reached XP level 3. HP: 18/23 MP: 3/3
   685 | D:2      | Found a snail-covered altar of Cheibriados.
  1025 | D:3      | Reached XP level 4. HP: 29/29 MP: 4/4
  1165 | D:3      | Found a white marble altar of Elyvilon.
  1169 | D:3      | Reached skill level 4 in Armour
  1200 | D:3      | Reached skill level 1 in Dodging
  1516 | D:3      | Found a shimmering altar of Xom.
  1577 | D:4      | Reached XP level 5. HP: 33/33 MP: 5/5
  1706 | D:3      | Noticed Crazy Yiuf
  1712 | D:3      | Killed Crazy Yiuf
  1832 | D:4      | Found Fiuckerr's Book Emporium.
  1868 | D:4      | Noticed momplestiltskin's ghost (amateur FoFi)
  2212 | D:4      | Reached XP level 6. HP: 36/38 MP: 6/6
  2939 | D:4      | Found a staircase to the Ecumenical Temple.
  2947 | Temple   | Entered the Ecumenical Temple
  3045 | Temple   | Became a worshipper of Kikubaaqudgha
  3079 | D:4      | Found a shadowy altar of Dithmenos.
  3083 | D:5      | Entered Level 5 of the Dungeon
  3096 | D:4      | Noticed Robin
  3113 | D:4      | Killed Robin
  3117 | D:4      | Found Tefizang's Weapon Shoppe.
  3240 | D:4      | Reached skill level 5 in Shields
  3406 | D:4      | Reached * piety under Kikubaaqudgha
  3406 | D:4      | Received a gift from Kikubaaqudgha
  3407 | D:4      | Identified Kikubaaqudgha's Almanac of Darkness (Kikubaaqudgha gifted it to you on level 4 of the Dungeon)
  3428 | D:4      | Found Waotteik's Gadget Shoppe.
  3622 | D:4      | Killed momplestiltskin's ghost
  3622 | D:4      | Reached skill level 1 in Polearms
  3622 | D:4      | Reached skill level 1 in Spellcasting
  3622 | D:4      | Reached skill level 1 in Necromancy
  3622 | D:4      | Reached XP level 7. HP: 30/44 MP: 7/9
  3694 | D:4      | Found Uhoot's Weapon Boutique.
  3721 | D:4      | Found Ynuets's Food Shop.
  3792 | D:4      | Found a sparkling altar of Nemelex Xobeh.
  4275 | D:5      | Noticed Sigmund
  4580 | D:5      | Killed Sigmund
  4580 | D:5      | Reached skill level 5 in Fighting
  4580 | D:5      | Reached XP level 8. HP: 38/49 MP: 9/11
  4663 | D:4      | Gained mutation: You are partially covered in yellow scales (AC +2). [mutagenic meat]
  4664 | D:4      | Gained mutation: Scrolls take you a little longer to read. [mutagenic meat]
  4665 | D:4      | Gained mutation: Armour fits poorly on your strangely shaped body. [mutagenic meat]
  4666 | D:4      | Gained mutation: Your magical capacity is low (-10% MP). [mutagenic meat]
  4939 | D:5      | Reached skill level 6 in Shields
  5012 | D:5      | Noticed Menkaure
  5019 | D:5      | Killed from afar by Menkaure

Action                   |  1- 3 |  4- 6 |  7- 9 || total
-------------------------+-------+-------+-------++-------
Melee: War axe           |    64 |    74 |       ||   138
       Trident           |       |   201 |   168 ||   369
  Use: Potion            |       |     1 |       ||     1
  Eat: Chunk             |       |     7 |     9 ||    16
       Royal jelly       |       |     1 |       ||     1
